 Dungeon Crawl Stone Soup version 0.29.0-4-gdea44cf6ec (webtiles) character file.

Game seed: 8453572185903417159

127764 qw the Severer (level 16, -2/235 HPs)
             Began as a Minotaur Berserker on Sept 9, 2022.
             Was a High Priest of Trog.
             Succumbed to a sea snake's poison
             ... on level 3 of the Snake Pit.
             The game lasted 00:10:54 (31453 turns).

qw the Severer (Minotaur Berserker)                Turns: 31453, Time: 00:10:55

Health: -2/235     AC: 32    Str: 29    XL:     16   Next: 46%
Magic:  15/15      EV: 14    Int:  8    God:    Trog [*****.]
Gold:   907        SH: 22    Dex: 11    Spells: 15/15 levels left

rFire   . . .      SeeInvis +   z - +1 broad axe
rCold   + . .      Faith    .   g - +4 kite shield "Luvy" {Rampage SInv}
rNeg    + . .      Spirit   .   w - +1 plate armour {Will+}
rPois   +          Reflect  +   y - +1 hat
rElec   .          Harm     .   n - +2 ratskin cloak {*Rats rPois rN+ Str-1 Int-1 Dex+1}
rCorr   .          Rampage  +   e - +2 pair of gloves
Will    ++...                   x - +0 pair of boots of the Mauling Shrikes {rC+ Int+5}
Stlth   ..........              d - amulet of reflection
HPRegen 0.49/turn               v - +4 ring of evasion
MPRegen 0.14/turn               b - +4 ring of protection

@: berserking (expiring), lethally poisoned (-2 -> -31), very quick
A: horns 2, retaliatory headbutt
a: Renounce Religion, Berserk, Trog's Hand, Brothers in Arms


You were on level 3 of the Snake Pit.
You worshipped Trog.
Trog was extremely pleased with you.
You visited 4 branches of the dungeon, and saw 25 of its levels.

You collected 2441 gold pieces.
You spent 1534 gold pieces at shops.


Innate Abilities, Weirdness & Mutations

You have a pair of horns on your head.
You reflexively headbutt those who attack you in melee.


   Skills:
 - Level 18.0 Fighting
 - Level 18.0 Axes
 - Level 8.0 Throwing
 + Level 16.4 Armour
 - Level 8.0 Dodging
 - Level 16.0 Shields


You had 15 spell levels left.
You didn't know any spells.
Your spell library was empty.

Inventory:

Hand Weapons
 h - a +2 war axe of flaming
 z - a +1 broad axe (weapon)
Missiles
 c - a javelin (quivered)
 l - 5 boomerangs
Armour
 a - the +3 pair of seven-league boots {Rampage+∞}
   (You acquired it on level 1 of the Dungeon)

   Its wearer moves as far as possible in that direction when moving towards
   enemies.
 e - a +2 pair of gloves (worn)
 g - the +4 kite shield "Luvy" (worn) {Rampage SInv}
   (You acquired it on level 3 of the Dungeon)

   SInv:      It lets you see invisible.
   Rampage:   It bestows one free step when moving towards enemies.
 n - the +2 ratskin cloak (worn) {*Rats rPois rN+ Str-1 Int-1 Dex+1}
   (You found it on level 3 of the Dungeon)

   When the wearer is hurt, rats may emerge from it to assist them.
   Str:       It affects your strength (-1).
   Int:       It affects your intelligence (-1).
   Dex:       It affects your dexterity (+1).
   rPois:     It protects you from poison.
   rN:        It protects you from negative energy.
 w - a +1 plate armour of willpower (worn)
 x - the +0 pair of boots of the Mauling Shrikes (worn) {rC+ Int+5}
   (You found it on level 3 of the Lair of Beasts)

   Int:       It affects your intelligence (+5).
   rC:        It protects you from cold.
 y - a +1 hat (worn)
 A - a +0 chain mail of fire resistance
Jewellery
 b - a +4 ring of protection (right hand)
 d - an amulet of reflection (around neck)
 t - a ring of poison resistance
 u - a ring of fire
 v - a +4 ring of evasion (left hand)
Scrolls
 m - 10 scrolls of identify
 p - 7 scrolls of teleportation
Potions
 f - 4 potions of might
 i - 8 potions of curing
 j - 3 potions of mutation
 k - 6 potions of heal wounds
 o - 4 potions of haste
 q - a potion of cancellation
 s - 5 potions of resistance

Dungeon Overview and Level Annotations

Branches:
Dungeon (15/15)            Temple (0/1) D:4            Lair (5/5) D:9
  Swamp (0/4) Lair:2        Snake (3/4) Lair:2        Slime (0/5) Lair:5
    Orc (2/2) D:9             Elf (0/3) Orc:2        Vaults (0/5) D:14
 Depths (0/4) D:15

Altars:
Cheibriados
Elyvilon
Gozag
Kikubaaqudgha
Nemelex Xobeh
Qazlal
Ru
Sif Muna
Uskayaw
Vehumet
Zin
The Shining One

Shops:
D:3 *   D:5 =   D:6 !   D:15 *   Orc:2 (!(=

Annotations:
D:5 1 runed translucent door, qw's ghost, amateur MiFi
D:8 3 runed translucent doors, qw's ghost, novice MiBe


Message History

You block the sea snake's attack. You block the salamander's attack.
You slice the salamander!!
You kill the salamander!
Trog accepts your kill.
You miss the guardian serpent. You slash the sea snake!
The guardian serpent coils itself and waves its upper body at you.
The bolt of poison misses you. You block the sea snake's attack.
You hit the guardian serpent but do no damage.
The guardian serpent is heavily wounded.
You slice the sea snake!! The guardian serpent hits you!
You slash the sea snake! Your headbutt misses the sea snake.
The sea snake is almost dead.
You miss the guardian serpent. The sea snake bites you!
You are lethally poisoned!
The sea snake poisons you!
You block the guardian serpent's attack.
You barely miss the sea snake. Your headbutt misses the sea snake.
The sea snake is almost dead.
You slice the guardian serpent!!
You kill the guardian serpent!
Trog accepts your kill.
Trog appreciates your killing of a magic user.
You feel extremely sick. The sea snake completely misses you.
You furiously retaliate!
You headbutt the sea snake!
You kill the sea snake!
Trog accepts your kill.
You rampage towards the electric eel!
You feel extremely sick.
You rampage towards the electric eel!
You miss the electric eel.
You feel very sick.
You slice the electric eel!!
You kill the electric eel!
Trog accepts your kill.
You hear a splash.
You feel very sick.
There is a lethal amount of poison in your body!
You die...

.## ..## PPP~~~~~~~
#..## 7 ~~~~~~~~~ #...##
#7~ ~~~~~~~~~ .##..##
.~7 ~P7~~~~~~
...#..##..###~77~~7~~7~~
...#...##....7~P~~~~P~~~
#...#...##......%~77~~7
##..#))..##....$@...~~77
##.)##)..##............
##)).##..#...)%%.....#
##....#.....).)......
##...#.....).).##+##
##..........###
...##.........#
...............#
.............<.#


There were no monsters in sight!

Vanquished Creatures
  A nagaraja (Snake:2)
  Nessos (D:12)
  8 vault guards (D:14)
  5 hydras
  3 salamander tyrants
  2 ogre magi (Orc:2)
  2 boulder beetles
  2 death knights
  A catoblepas (D:15)
  A centaur warrior (D:14)
  6 two-headed ogres
  3 anacondas
  4 death yaks (Lair:4)
  2 naga warriors
  2 orc high priests (Orc:2)
  4 tengu warriors
  4 shock serpents
  2 naga sharpshooters
  Nergalle (Lair:1)
  Amaemon (Lair:2)
  2 salamander mystics
  10 skeletal warriors
  A phantasmal warrior (D:15)
  3 sea snakes (Snake:3)
  A necromancer (D:15)
  Pikel (D:6)
  An orc knight (D:15)
  3 manticores
  7 mana vipers
  4 cyclopes
  9 orc sorcerers
  14 ugly things
  A deep elf pyromancer (D:14)
  A stone giant zombie (D:15)
  A wolf spider (Lair:5)
  14 salamanders
  A frost giant zombie (D:15)
  Maurice (D:8)
  5 elephants (Lair:5)
  A frost giant skeleton (D:15)
  4 guardian serpents
  21 black mambas
  7 naga magi
  A torpor snail (Lair:3)
  An orange demon (Lair:2)
  A gargoyle (D:11)
  2 unseen horrors (D:12)
  15 cane toads
  2 rime drakes (Orc:1)
  Psyche (D:12)
  4 freezing wraiths
  8 komodo dragons
  An efreet (D:14)
  2 tengu conjurers
  A polar bear (Orc:1)
  2 trolls
  A guardian mummy (D:15)
  3 meliai (D:15)
  Grinder (D:3)
  2 hornets (Lair:5)
  Prince Ribbit (D:8)
  12 slime creatures
  22 blink frogs
  9 wraiths
  An ettin skeleton (D:15)
  A shadow (D:12)
  14 wyverns
  5 vampires
  48 yaks
  7 basilisks
  2 steam dragons
  Grum (Lair:1)
  7 vampire mosquitoes
  2 redbacks (Lair:5)
  A swamp worm (Lair:2)
  9 wargs
  15 nagas
  14 water moccasins
  Duvessa (D:4)
  14 orc warriors
  A sky beast (D:7)
  A black bear (D:6)
  12 ogres
  2 lemures (D:6)
  11 wolves
  13 centaurs
  A phantom (D:7)
  5 kobold brigands
  9 bullfrogs
  Blork the orc (D:4)
  A necrophage (D:6)
  3 scorpions
  19 wights
  Dowan (D:4)
  8 killer bees
  6 electric eels
  12 howler monkeys
  2 jellies
  5 hounds
  5 orc priests
  5 iguanas
  Jessica (D:2)
  33 orc wizards
  A boggart simulacrum (D:15)
  4 gnolls (D:7)
  10 adders
  10 river rats (D:5)
  3 white imps
  An ufetubus (D:5)
  3 worms
  5 dart slugs
  78 orcs
  5 ball pythons
  4 endoplasms
  6 giant cockroaches
  9 goblins
  4 hobgoblins
  17 jackals
  18 kobolds
  11 quokkas
  6 bats
  4 frilled lizards
  20 rats
  2 butterflies
780 creatures vanquished.

Vanquished Creatures (collateral kills)
  2 hydras (Lair:3)
  A death yak (Lair:4)
  Urug (D:12)
  An ugly thing (D:14)
  An orc sorcerer (Orc:2)
  A salamander (Snake:2)
  A black mamba (Lair:3)
  A rime drake (Lair:3)
  A komodo dragon (Lair:5)
  A slime creature (Lair:5)
  A blink frog (Lair:5)
  A yak (Lair:3)
  A redback (Lair:5)
  A centaur (D:12)
  2 wights
  A howler monkey (D:6)
  A hound (D:6)
  A jelly (Lair:5)
20 creatures vanquished.

Vanquished Creatures (others)
  An orc wizard (D:9)
  A kobold (D:11)
  39 fungi
  80 plants
121 creatures vanquished.

Grand Total: 921 creatures vanquished

Notes
Turn   | Place    | Note
-------+----------+-------------------------------------------
     0 | D:1      | qw the Minotaur Berserker began the quest for the Orb.
     0 | D:1      | Reached XP level 1. HP: 19/19 MP: 0/0
     0 | D:1      | 0 ||| qw: Version: 0.1-a-113-g051387a
     0 | D:1      | 0 ||| qw: Game counter: 6897
     0 | D:1      | 0 ||| qw: Always use a shield: true
     0 | D:1      | 0 ||| qw: Do Orc after D:15 true
     0 | D:1      | 0 ||| qw: Do second Lair branch before Depths: true
     0 | D:1      | 0 ||| qw: Lair rune preference: random
     0 | D:1      | 0 ||| qw: Plans: Normal
     0 | D:1      | 0 ||| PLANNING D:1-11
    23 | D:1      | 23 ||| Stepping ~*~*~tactically~*~*~ (stealth).
   298 | D:1      | Reached XP level 2. HP: 26/26 MP: 1/1
   300 | D:1      | 300 ||| Stepping ~*~*~tactically~*~*~ (stealth).
   750 | D:1      | Found a faded altar of an unknown god.
   753 | D:1      | 753 ||| Stepping ~*~*~tactically~*~*~ (hiding).
   762 | D:1      | Reached XP level 3. HP: 25/31 MP: 2/2
   832 | D:1      | 832 ||| DROPPING +0 club.
  1276 | D:1      | 1276 ||| UPGRADING to +0 plate armour.
  1286 | D:1      | 1286 ||| DROPPING +0 animal skin.
  1287 | D:1      | 1287 ||| UPGRADING to amulet of reflection.
  1292 | D:1      | 1292 ||| DROPPING amulet of guardian spirit.
  1293 | D:1      | 1293 ||| READING scroll labelled PUFAAN CUGRU.
  1293 | D:1      | Identified a scroll of acquirement
  1293 | D:1      | 1293 ||| ACQUIRING +3 pair of seven-league boots
                  | {Rampage+∞}
  1293 | D:1      | Acquired the +3 pair of seven-league boots {Rampage+∞}
  1293 | D:1      | Found the +3 pair of seven-league boots {Rampage+∞}
  1295 | D:1      | 1295 ||| UPGRADING to +3 pair of seven-league boots
                  | {Rampage+∞}.
  1300 | D:1      | 1300 ||| READING scroll labelled JOOG LIM FAQEO.
  1303 | D:1      | 1303 ||| READING scroll labelled WYXIMIFOSI.
  1304 | D:1      | 1304 ||| READING scroll labelled ROJULU HAYZI.
  1305 | D:1      | 1305 ||| READING scroll labelled VUFOOF UJ WUUD.
  1306 | D:1      | 1306 ||| READING scroll labelled GIQ JOELUOLO.
  1307 | D:1      | 1307 ||| Stepping randomly (stuck).
  1308 | D:1      | 1308 ||| Stepping ~*~*~tactically~*~*~ (cloud).
  1541 | D:2      | 1541 ||| STAIRDANCE
  1608 | D:2      | Found a white marble altar of Elyvilon.
  1687 | D:2      | 1687 ||| Stepping ~*~*~tactically~*~*~ (hiding).
  1689 | D:2      | Reached ** piety under Trog
  1898 | D:2      | 1898 ||| Stepping ~*~*~tactically~*~*~ (stealth).
  1899 | D:2      | 1899 ||| Stepping ~*~*~tactically~*~*~ (stealth).
  1906 | D:2      | Reached skill level 6 in Axes
  1906 | D:2      | Reached XP level 4. HP: 37/39 MP: 3/3
  1934 | D:2      | Noticed Jessica
  1935 | D:2      | 1935 ||| Stepping ~*~*~tactically~*~*~ (hiding).
  1939 | D:2      | Killed Jessica
  2351 | D:2      | 2351 ||| DROPPING +0 whip.
  2396 | D:2      | 2396 ||| UPGRADING to +0 pair of gloves.
  2401 | D:2      | 2401 ||| UPGRADING to +6 ring of dexterity.
  2402 | D:2      | 2402 ||| READING scroll labelled ICOQ MYUSEAGUPNU.
  2403 | D:2      | 2403 ||| READING scroll labelled JOIMEGR OCZAAT.
  2404 | D:2      | 2404 ||| DRINKING 2 fizzy white potions.
  2532 | D:3      | 2532 ||| STAIRDANCE
  2538 | D:3      | 2538 ||| STAIRDANCE
  2587 | D:3      | Reached skill level 3 in Armour
  2609 | D:3      | Reached XP level 5. HP: 45/45 MP: 4/4
  2611 | D:3      | 2611 ||| Stepping ~*~*~tactically~*~*~ (stealth).
  2612 | D:3      | 2612 ||| Stepping ~*~*~tactically~*~*~ (stealth).
  2642 | D:3      | 2642 ||| READING scroll of acquirement.
  2642 | D:3      | 2642 ||| ACQUIRING +4 kite shield "Luvy" {Rampage SInv}
  2642 | D:3      | Acquired the +4 kite shield "Luvy" {Rampage SInv}
  2644 | D:3      | 2644 ||| UPGRADING to +4 kite shield "Luvy" {Rampage SInv}.
  2732 | D:3      | Found Itepar's General Store.
  2741 | D:3      | 2741 ||| BUYING 3 scrolls of identify (84 gold).
  2741 | D:3      | Bought 3 scrolls of identify for 84 gold pieces
  2741 | D:3      | 2741 ||| SHOPLISTING potion of mutation (112 gold, have
                  | 53).
  2741 | D:3      | 2741 ||| SWAPPING to +0 war axe.
  2742 | D:3      | 2742 ||| DROPPING +0 hand axe of draining.
  2753 | D:3      | Found the +2 ratskin cloak {*Rats rPois rN+ Str-1 Int-1
                  | Dex+1}
  2761 | D:3      | 2761 ||| UPGRADING to +2 ratskin cloak {*Rats rPois rN+
                  | Str-1 Int-1 Dex+1}.
  2772 | D:3      | Found a snail-covered altar of Cheibriados.
  2774 | D:3      | 2774 ||| Stepping ~*~*~tactically~*~*~ (water).
  2795 | D:3      | Noticed Grinder
  2796 | D:3      | 2796 ||| INVOKING Trog's Hand.
  2797 | D:3      | 2797 ||| INVOKING Berserk.
  2805 | D:3      | Killed Grinder
  2806 | D:3      | Reached XP level 6. HP: 51/51 MP: 5/5
  3069 | D:3      | 3069 ||| DRINKING 2 ruby potions.
  3070 | D:3      | 3070 ||| DRINKING 3 clear potions.
  3071 | D:3      | 3071 ||| READING 3 scrolls of identify.
  3071 | D:3      | 3071 ||| IDENTIFYING fuming brown potion
  3072 | D:3      | 3072 ||| READING 2 scrolls of identify.
  3072 | D:3      | 3072 ||| IDENTIFYING inky potion
  3073 | D:3      | 3073 ||| DROPPING potion of attraction.
  3074 | D:3      | 3074 ||| DROPPING 2 potions of brilliance.
  3204 | D:4      | Found a staircase to the Ecumenical Temple.
  3230 | D:4      | Reached *** piety under Trog
  3247 | D:4      | 3247 ||| Stepping ~*~*~tactically~*~*~ (stealth).
  3248 | D:4      | 3248 ||| INVOKING Berserk.
  3347 | D:4      | Noticed Blork the orc
  3349 | D:4      | 3349 ||| Stepping ~*~*~tactically~*~*~ (hiding).
  3350 | D:4      | 3350 ||| Stepping ~*~*~tactically~*~*~ (hiding).
  3351 | D:4      | 3351 ||| INVOKING Berserk.
  3355 | D:4      | Killed Blork the orc
  3356 | D:4      | Reached XP level 7. HP: 59/59 MP: 6/6
  3409 | D:4      | 3409 ||| Stepping ~*~*~tactically~*~*~ (hiding).
  3536 | D:4      | 3536 ||| Stepping ~*~*~tactically~*~*~ (hiding).
  3537 | D:4      | 3537 ||| Stepping ~*~*~tactically~*~*~ (hiding).
  3569 | D:4      | Noticed Dowan
  3570 | D:4      | 3570 ||| Stepping ~*~*~tactically~*~*~ (hiding).
  3572 | D:4      | Noticed Duvessa
  3573 | D:4      | 3573 ||| Stepping ~*~*~tactically~*~*~ (stealth).
  3574 | D:4      | 3574 ||| Stepping ~*~*~tactically~*~*~ (stealth).
  3579 | D:4      | 3579 ||| INVOKING Berserk.
  3581 | D:4      | Killed Dowan
  3582 | D:4      | Reached skill level 1 in Throwing
  3588 | D:4      | Killed Duvessa
  3867 | D:4      | 3867 ||| READING scroll labelled OBOUTO BYBAFY.
  3868 | D:4      | 3868 ||| READING scroll labelled EXTOLA FONO.
  3869 | D:4      | 3869 ||| DRINKING 3 black potions.
  3870 | D:4      | 3870 ||| DROPPING 2 potions of magic.
  3895 | D:5      | Entered Level 5 of the Dungeon
  4015 | D:5      | Found Axoe's Jewellery Boutique.
  4024 | D:5      | 4024 ||| SHOPLISTING +4 ring of protection (540 gold, have
                  | 157).
  4024 | D:5      | 4024 ||| SHOPLISTING +6 ring of dexterity (540 gold, have
                  | 157).
  4024 | D:5      | 4024 ||| SHOPLISTING ring of Gaytuq {MP+9 EV+4 Str+4} (1054
                  | gold, have 157).
  4024 | D:5      | 4024 ||| SHOPLISTING ring of see invisible (225 gold, have
                  | 157).
  4174 | D:5      | 4174 ||| Stepping ~*~*~tactically~*~*~ (stealth).
  4200 | D:5      | 4200 ||| INVOKING Berserk.
  4312 | D:5      | Noticed qw's ghost (amateur MiFi)
  4316 | D:5      | Found a runed translucent door.
  4562 | D:5      | 4562 ||| Stepping ~*~*~tactically~*~*~ (stealth).
  4564 | D:5      | 4564 ||| Stepping ~*~*~tactically~*~*~ (stealth).
  4566 | D:5      | 4566 ||| Stepping ~*~*~tactically~*~*~ (stealth).
  4578 | D:5      | Reached skill level 6 in Shields
  4580 | D:5      | 4580 ||| Stepping ~*~*~tactically~*~*~ (stealth).
  4607 | D:5      | 4607 ||| Stepping ~*~*~tactically~*~*~ (stealth).
  4620 | D:5      | Reached XP level 8. HP: 63/66 MP: 7/7
  4627 | D:5      | Reached skill level 9 in Axes
  4632 | D:5      | 4632 ||| Stepping ~*~*~tactically~*~*~ (stealth).
  4637 | D:5      | 4637 ||| Stepping ~*~*~tactically~*~*~ (stealth).
  4639 | D:5      | 4639 ||| Stepping ~*~*~tactically~*~*~ (stealth).
  4640 | D:5      | 4640 ||| Stepping ~*~*~tactically~*~*~ (stealth).
  4661 | D:5      | 4661 ||| READING scroll of enchant weapon.
  4661 | D:5      | 4661 ||| ENCHANTING +1 war axe.
  4675 | D:5      | 4675 ||| Stepping ~*~*~tactically~*~*~ (stealth).
  4677 | D:5      | 4677 ||| Stepping ~*~*~tactically~*~*~ (stealth).
  4683 | D:5      | Reached **** piety under Trog
  4750 | D:5      | 4750 ||| Stepping ~*~*~tactically~*~*~ (stealth).
  4785 | D:5      | 4785 ||| Stepping ~*~*~tactically~*~*~ (stealth).
  5059 | D:5      | 5059 ||| READING scroll labelled FIPRAE YNAUVOTHEF.
  5060 | D:5      | 5060 ||| READING scroll labelled LEDIEM ZAEM.
  5195 | D:5      | 5195 ||| DRINKING 3 metallic purple potions.
  5196 | D:5      | 5196 ||| READING 2 scrolls of identify.
  5196 | D:5      | 5196 ||| IDENTIFYING viscous grey potion
  5197 | D:5      | 5197 ||| DROPPING potion of flight.
  5239 | D:6      | 5239 ||| STAIRDANCE
  5341 | D:6      | 5341 ||| STAIRDANCE
  5437 | D:6      | 5437 ||| Stepping ~*~*~tactically~*~*~ (stealth).
  5439 | D:6      | 5439 ||| Stepping ~*~*~tactically~*~*~ (stealth).
  5465 | D:6      | 5465 ||| Stepping ~*~*~tactically~*~*~ (stealth).
  5507 | D:6      | 5507 ||| Stepping ~*~*~tactically~*~*~ (stealth).
  5565 | D:6      | 5565 ||| DRINKING 3 potions of curing.
  5565 | D:6      | 5565 ||| (to cure confusion)
  5568 | D:6      | Reached skill level 6 in Fighting
  5572 | D:6      | 5572 ||| INVOKING Berserk.
  5576 | D:6      | Reached XP level 9. HP: 75/75 MP: 8/8
  5589 | D:6      | Noticed Pikel
  5590 | D:6      | 5590 ||| FLEEEEING.
  5591 | D:6      | 5591 ||| FLEEEEING.
  5594 | D:6      | 5594 ||| FLEEEEING.
  5605 | D:6      | 5605 ||| FLEEEEING.
  5607 | D:6      | 5607 ||| STAIRDANCE
  5742 | D:5      | 5742 ||| READING scroll labelled YZOUGY XAJARA.
  5779 | D:6      | 5779 ||| Stepping ~*~*~tactically~*~*~ (stealth).
  5780 | D:6      | 5780 ||| Stepping ~*~*~tactically~*~*~ (stealth).
  5782 | D:6      | 5782 ||| Stepping ~*~*~tactically~*~*~ (stealth).
  5786 | D:6      | 5786 ||| Stepping ~*~*~tactically~*~*~ (stealth).
  5793 | D:6      | 5793 ||| INVOKING Berserk.
  5801 | D:6      | Killed Pikel
  5953 | D:6      | 5953 ||| Stepping ~*~*~tactically~*~*~ (stealth).
  5954 | D:6      | 5954 ||| Stepping ~*~*~tactically~*~*~ (stealth).
  5959 | D:6      | 5959 ||| Stepping ~*~*~tactically~*~*~ (stealth).
  5963 | D:6      | 5963 ||| Stepping ~*~*~tactically~*~*~ (stealth).
  5973 | D:6      | 5973 ||| INVOKING Berserk.
  5982 | D:6      | 5982 ||| Stepping ~*~*~tactically~*~*~ (stealth).
  6185 | D:6      | Found Adunkil's Distillery.
  6195 | D:6      | 6195 ||| BUYING potion of cancellation (104 gold).
  6195 | D:6      | Bought a potion of cancellation for 104 gold pieces
  6195 | D:6      | 6195 ||| BUYING potion of heal wounds (65 gold).
  6195 | D:6      | Bought a potion of heal wounds for 65 gold pieces
  6195 | D:6      | 6195 ||| BUYING potion of heal wounds (65 gold).
  6195 | D:6      | Bought a potion of heal wounds for 65 gold pieces
  6195 | D:6      | 6195 ||| SHOPLISTING potion of mutation (104 gold, have
                  | 44).
  6213 | D:6      | Noticed a two-headed ogre
  6214 | D:6      | 6214 ||| INVOKING Berserk.
  6219 | D:6      | Killed a two-headed ogre
  6220 | D:6      | Reached skill level 9 in Shields
  6499 | D:6      | 6499 ||| INVOKING Berserk.
  6643 | D:6      | Found a hide-covered altar of Uskayaw.
  6643 | D:6      | Found a shimmering blue altar of Sif Muna.
  6649 | D:6      | Found a sparkling altar of Nemelex Xobeh.
  6651 | D:6      | Found a stormy altar of Qazlal.
  6653 | D:6      | Found a sacrificial altar of Ru.
  6754 | D:6      | 6754 ||| READING scroll labelled JUINIKE ESUA.
  6911 | D:7      | 6911 ||| Stepping ~*~*~tactically~*~*~ (stealth).
  6912 | D:7      | 6912 ||| Stepping ~*~*~tactically~*~*~ (stealth).
  6914 | D:7      | 6914 ||| Stepping ~*~*~tactically~*~*~ (stealth).
  6916 | D:7      | 6916 ||| Stepping ~*~*~tactically~*~*~ (hiding).
  6918 | D:7      | 6918 ||| Stepping ~*~*~tactically~*~*~ (hiding).
  6919 | D:7      | 6919 ||| Stepping ~*~*~tactically~*~*~ (hiding).
  6928 | D:7      | Reached skill level 6 in Armour
  6933 | D:7      | Reached skill level 3 in Dodging
  6938 | D:7      | Reached XP level 10. HP: 60/83 MP: 9/9
  6940 | D:7      | Reached skill level 12 in Axes
  6962 | D:7      | 6962 ||| INVOKING Berserk.
  6963 | D:7      | HP: 30/123 [wight/+4 great sword (8)]
  7008 | D:7      | 7008 ||| FLEEEEING.
  7009 | D:7      | 7009 ||| FLEEEEING.
  7010 | D:7      | 7010 ||| FLEEEEING.
  7011 | D:7      | 7011 ||| FLEEEEING.
  7012 | D:7      | 7012 ||| FLEEEEING.
  7013 | D:7      | 7013 ||| FLEEEEING.
  7014 | D:7      | 7014 ||| FLEEEEING.
  7016 | D:7      | 7016 ||| FLEEEEING.
  7018 | D:7      | 7018 ||| FLEEEEING.
  7019 | D:7      | 7019 ||| FLEEEEING.
  7020 | D:7      | 7020 ||| STAIRDANCE
  7225 | D:6      | 7225 ||| DRINKING 3 pink potions.
  7254 | D:7      | 7254 ||| DROPPING +0 flail.
  7668 | D:7      | 7668 ||| DROPPING amulet of magic regeneration.
  7669 | D:7      | 7669 ||| READING 2 scrolls labelled COUKIM KIZULOE.
  7670 | D:7      | 7670 ||| DROPPING scroll of amnesia.
  7692 | D:8      | 7692 ||| Stepping ~*~*~tactically~*~*~ (hiding).
  7694 | D:8      | 7694 ||| Stepping ~*~*~tactically~*~*~ (hiding).
  7882 | D:8      | Found a runed translucent gate.
  7882 | D:8      | Found a runed translucent gate.
  7882 | D:8      | Found a runed translucent gate.
  7882 | D:8      | Found an opulent altar of Gozag.
  7884 | D:8      | Noticed qw's ghost (novice MiBe)
  7891 | D:8      | Noticed a white ugly thing
  7894 | D:8      | 7894 ||| INVOKING Berserk.
  7899 | D:8      | Killed a white ugly thing
  8012 | D:8      | 8012 ||| Stepping ~*~*~tactically~*~*~ (hiding).
  8013 | D:8      | 8013 ||| Stepping ~*~*~tactically~*~*~ (hiding).
  8017 | D:8      | Noticed Maurice
  8037 | D:8      | Killed Maurice
  8053 | D:8      | 8053 ||| DROPPING +0 whip.
  8179 | D:8      | Noticed Prince Ribbit
  8186 | D:8      | Killed Prince Ribbit
  8227 | D:8      | 8227 ||| Stepping ~*~*~tactically~*~*~ (stealth).
  8301 | D:8      | 8301 ||| INVOKING Berserk.
  8325 | D:8      | 8325 ||| FLEEEEING.
  8327 | D:8      | 8327 ||| FLEEEEING.
  8328 | D:8      | 8328 ||| FLEEEEING.
  8329 | D:8      | 8329 ||| FLEEEEING.
  8330 | D:8      | 8330 ||| FLEEEEING.
  8331 | D:8      | 8331 ||| FLEEEEING.
  8332 | D:8      | 8332 ||| FLEEEEING.
  8333 | D:8      | 8333 ||| FLEEEEING.
  8735 | D:8      | 8735 ||| READING scroll labelled WINNELO WOMME.
  8760 | D:9      | Reached skill level 3 in Throwing
  8784 | D:9      | Reached ***** piety under Trog
  8847 | D:9      | Found a glowing golden altar of the Shining One.
  8891 | D:9      | 8891 ||| Stepping ~*~*~tactically~*~*~ (stealth).
  8936 | D:9      | 8936 ||| Stepping ~*~*~tactically~*~*~ (stealth).
  8937 | D:9      | 8937 ||| Stepping ~*~*~tactically~*~*~ (stealth).
  8938 | D:9      | 8938 ||| FLEEEEING.
  8948 | D:9      | 8948 ||| Stepping ~*~*~tactically~*~*~ (stealth).
  8949 | D:9      | 8949 ||| INVOKING Berserk.
  9059 | D:9      | 9059 ||| DROPPING +6 flail of freezing.
  9079 | D:9      | Found a staircase to the Lair.
  9134 | D:9      | 9134 ||| Stepping ~*~*~tactically~*~*~ (stealth).
  9149 | D:9      | 9149 ||| DRINKING 2 potions of curing.
  9149 | D:9      | 9149 ||| (to cure confusion)
  9158 | D:9      | 9158 ||| FLEEEEING.
  9160 | D:9      | 9160 ||| STAIRDANCE
  9263 | D:9      | 9263 ||| DRINKING potion of curing.
  9263 | D:9      | 9263 ||| (to cure confusion)
  9264 | D:9      | 9264 ||| Stepping ~*~*~tactically~*~*~ (hiding).
  9268 | D:9      | 9268 ||| Stepping ~*~*~tactically~*~*~ (hiding).
  9286 | D:9      | 9286 ||| INVOKING Berserk.
  9425 | D:9      | 9425 ||| Stepping ~*~*~tactically~*~*~ (stealth).
  9427 | D:9      | 9427 ||| Stepping ~*~*~tactically~*~*~ (hiding).
  9428 | D:9      | 9428 ||| STAIRDANCE
  9594 | D:9      | 9594 ||| INVOKING Berserk.
  9599 | D:9      | Reached XP level 11. HP: 94/94 MP: 10/10
  9610 | D:9      | 9610 ||| Stepping ~*~*~tactically~*~*~ (hiding).
  9611 | D:9      | 9611 ||| Stepping ~*~*~tactically~*~*~ (hiding).
  9806 | D:9      | Found a staircase to the Orcish Mines.
  9952 | D:9      | 9952 ||| PLANNING LAIR
 10001 | Lair:1   | Entered Level 1 of the Lair of Beasts
 10010 | Lair:1   | 10010 ||| INVOKING Berserk.
 10216 | Lair:1   | 10216 ||| INVOKING Berserk.
 10367 | Lair:1   | 10367 ||| INVOKING Berserk.
 10548 | Lair:1   | 10548 ||| INVOKING Berserk.
 10669 | Lair:1   | 10669 ||| Stepping ~*~*~tactically~*~*~ (stealth).
 10670 | Lair:1   | Noticed Nergalle
 10671 | Lair:1   | 10671 ||| Stepping ~*~*~tactically~*~*~ (hiding).
 10677 | Lair:1   | 10677 ||| INVOKING Berserk.
 10692 | Lair:1   | Killed Nergalle
 10948 | Lair:1   | 10948 ||| INVOKING Berserk.
 11246 | Lair:1   | Identified the +2 flail "Transmigrator" {vorpal, Str+2
                  | SInv}
 11248 | Lair:1   | 11248 ||| DROPPING +2 flail "Transmigrator" {vorpal, Str+2
                  | SInv}.
 11428 | Lair:1   | Noticed Grum
 11431 | Lair:1   | 11431 ||| INVOKING Berserk.
 11438 | Lair:1   | Reached skill level 15 in Axes
 11446 | Lair:1   | Killed Grum
 11609 | Lair:1   | 11609 ||| INVOKING Berserk.
 11964 | Lair:2   | 11964 ||| DRINKING 2 potions of cancellation.
 11965 | Lair:2   | 11965 ||| INVOKING Berserk.
 12131 | Lair:2   | Noticed a boulder beetle
 12144 | Lair:2   | 12144 ||| INVOKING Berserk.
 12151 | Lair:2   | Killed a boulder beetle
 12152 | Lair:2   | Reached skill level 9 in Fighting
 12304 | Lair:2   | Noticed Amaemon
 12305 | Lair:2   | 12305 ||| Stepping ~*~*~tactically~*~*~ (hiding).
 12308 | Lair:2   | 12308 ||| Stepping ~*~*~tactically~*~*~ (hiding).
 12309 | Lair:2   | 12309 ||| Stepping ~*~*~tactically~*~*~ (hiding).
 12312 | Lair:2   | 12312 ||| Stepping ~*~*~tactically~*~*~ (hiding).
 12314 | Lair:2   | 12314 ||| INVOKING Berserk.
 12322 | Lair:2   | Killed Amaemon
 12457 | Lair:2   | 12457 ||| DROPPING +0 morningstar.
 12461 | Lair:2   | 12461 ||| DRINKING potion of cancellation.
 12462 | Lair:2   | 12462 ||| INVOKING Berserk.
 12662 | Lair:2   | Found a staircase to the Swamp.
 12872 | Lair:2   | Found a staircase to the Snake Pit.
 12976 | Lair:2   | 12976 ||| Stepping ~*~*~tactically~*~*~ (hiding).
 12981 | Lair:2   | 12981 ||| INVOKING Berserk.
 13177 | Lair:2   | 13177 ||| INVOKING Berserk.
 13374 | Lair:2   | 13374 ||| UPGRADING to +4 ring of protection.
 13375 | Lair:2   | 13375 ||| READING 4 scrolls of identify.
 13375 | Lair:2   | 13375 ||| IDENTIFYING fizzy cyan potion
 13376 | Lair:2   | 13376 ||| READING 3 scrolls of identify.
 13376 | Lair:2   | 13376 ||| IDENTIFYING glowing purple potion
 13377 | Lair:2   | 13377 ||| DROPPING potion of berserk rage.
 13428 | Lair:3   | 13428 ||| INVOKING Berserk.
 13432 | Lair:3   | Reached skill level 9 in Armour
 13600 | Lair:3   | 13600 ||| INVOKING Berserk.
 13727 | Lair:3   | Noticed a four-headed hydra
 13728 | Lair:3   | 13728 ||| INVOKING Brothers in Arms.
 13731 | Lair:3   | 13731 ||| SWAPPING to +0 demon whip of venom.
 13732 | Lair:3   | 13732 ||| INVOKING Berserk.
 13734 | Lair:3   | Killed a four-headed hydra
 13738 | Lair:3   | 13738 ||| SWAPPING to +2 war axe.
 13753 | Lair:3   | Reached XP level 12. HP: 106/106 MP: 11/11
 13858 | Lair:3   | 13858 ||| Stepping ~*~*~tactically~*~*~ (stealth).
 13859 | Lair:3   | 13859 ||| Stepping ~*~*~tactically~*~*~ (stealth).
 13966 | Lair:3   | 13966 ||| Stepping ~*~*~tactically~*~*~ (stealth).
 13969 | Lair:3   | 13969 ||| INVOKING Berserk.
 14117 | Lair:3   | Noticed a five-headed hydra
 14118 | Lair:3   | 14118 ||| INVOKING Brothers in Arms.
 14119 | Lair:3   | 14119 ||| INVOKING Brothers in Arms.
 14122 | Lair:3   | 14122 ||| INVOKING Brothers in Arms.
 14126 | Lair:3   | 14126 ||| INVOKING Brothers in Arms.
 14127 | Lair:3   | 14127 ||| SWAPPING to +0 demon whip of venom.
 14128 | Lair:3   | 14128 ||| INVOKING Berserk.
 14133 | Lair:3   | Killed a five-headed hydra
 14195 | Lair:3   | 14195 ||| SWAPPING to +2 war axe.
 14338 | Lair:3   | Noticed an eight-headed hydra
 14339 | Lair:3   | 14339 ||| INVOKING Brothers in Arms.
 14341 | Lair:3   | 14341 ||| SWAPPING to +0 demon whip of venom.
 14342 | Lair:3   | 14342 ||| INVOKING Berserk.
 14345 | Lair:3   | Killed an eight-headed hydra
 14366 | Lair:3   | 14366 ||| SWAPPING to +2 war axe.
 14569 | Lair:3   | 14569 ||| Stepping ~*~*~tactically~*~*~ (stealth).
 14572 | Lair:3   | Noticed a boulder beetle
 14575 | Lair:3   | 14575 ||| INVOKING Berserk.
 14599 | Lair:3   | Killed a boulder beetle
 14685 | Lair:3   | 14685 ||| INVOKING Berserk.
 14820 | Lair:3   | Identified the +0 pair of boots of the Mauling Shrikes {rC+
                  | Int+5}
 14916 | Lair:3   | 14916 ||| UPGRADING to +0 pair of boots of the Mauling
                  | Shrikes {rC+ Int+5}.
 14926 | Lair:3   | 14926 ||| READING scroll labelled UDAFUY NUPUL.
 14927 | Lair:3   | 14927 ||| READING 2 scrolls of identify.
 14927 | Lair:3   | 14927 ||| IDENTIFYING sapphire potion
 14928 | Lair:3   | 14928 ||| DROPPING potion of lignification.
 14998 | Lair:4   | 14998 ||| Stepping ~*~*~tactically~*~*~ (stealth).
 14999 | Lair:4   | 14999 ||| Stepping ~*~*~tactically~*~*~ (stealth).
 15000 | Lair:4   | 15000 ||| Stepping ~*~*~tactically~*~*~ (stealth).
 15003 | Lair:4   | 15003 ||| Stepping ~*~*~tactically~*~*~ (stealth).
 15080 | Lair:4   | Reached skill level 12 in Shields
 15116 | Lair:4   | Reached skill level 6 in Dodging
 15456 | Lair:4   | Noticed a death yak
 15457 | Lair:4   | Noticed a death yak
 15460 | Lair:4   | 15460 ||| INVOKING Berserk.
 15460 | Lair:4   | Noticed a death yak
 15460 | Lair:4   | Noticed a death yak
 15462 | Lair:4   | Noticed a death yak
 15465 | Lair:4   | Killed a death yak
 15469 | Lair:4   | Killed a death yak
 15475 | Lair:4   | Killed a death yak
 15477 | Lair:4   | Killed a death yak
 15479 | Lair:4   | Killed a death yak
 15946 | Lair:5   | Entered Level 5 of the Lair of Beasts
 15951 | Lair:5   | 15951 ||| INVOKING Berserk.
 15957 | Lair:5   | 15957 ||| STAIRDANCE
 16089 | Lair:5   | Reached XP level 13. HP: 104/117 MP: 12/12
 16152 | Lair:5   | 16152 ||| Stepping ~*~*~tactically~*~*~ (stealth).
 16158 | Lair:5   | 16158 ||| INVOKING Berserk.
 16162 | Lair:5   | Reached skill level 12 in Fighting
 16213 | Lair:5   | 16213 ||| Stepping ~*~*~tactically~*~*~ (stealth).
 16359 | Lair:5   | 16359 ||| INVOKING Berserk.
 16376 | Lair:5   | 16376 ||| Stepping ~*~*~tactically~*~*~ (stealth).
 16386 | Lair:5   | 16386 ||| Stepping ~*~*~tactically~*~*~ (stealth).
 16393 | Lair:5   | 16393 ||| Stepping ~*~*~tactically~*~*~ (stealth).
 16468 | Lair:5   | 16468 ||| Stepping ~*~*~tactically~*~*~ (stealth).
 16471 | Lair:5   | 16471 ||| Stepping ~*~*~tactically~*~*~ (stealth).
 16472 | Lair:5   | 16472 ||| Stepping ~*~*~tactically~*~*~ (stealth).
 16491 | Lair:5   | 16491 ||| FLEEEEING.
 16492 | Lair:5   | 16492 ||| FLEEEEING.
 16493 | Lair:5   | 16493 ||| FLEEEEING.
 16494 | Lair:5   | 16494 ||| FLEEEEING.
 16495 | Lair:5   | 16495 ||| FLEEEEING.
 16496 | Lair:5   | 16496 ||| FLEEEEING.
 16497 | Lair:5   | 16497 ||| FLEEEEING.
 16498 | Lair:5   | 16498 ||| FLEEEEING.
 16499 | Lair:5   | 16499 ||| FLEEEEING.
 16500 | Lair:5   | 16500 ||| FLEEEEING.
 16501 | Lair:5   | 16501 ||| FLEEEEING.
 16502 | Lair:5   | 16502 ||| FLEEEEING.
 16503 | Lair:5   | 16503 ||| FLEEEEING.
 16504 | Lair:5   | 16504 ||| FLEEEEING.
 16505 | Lair:5   | 16505 ||| FLEEEEING.
 16506 | Lair:5   | 16506 ||| FLEEEEING.
 16507 | Lair:5   | 16507 ||| FLEEEEING.
 16508 | Lair:5   | 16508 ||| FLEEEEING.
 16509 | Lair:5   | 16509 ||| FLEEEEING.
 16510 | Lair:5   | 16510 ||| FLEEEEING.
 16511 | Lair:5   | 16511 ||| FLEEEEING.
 16512 | Lair:5   | 16512 ||| FLEEEEING.
 16513 | Lair:5   | 16513 ||| FLEEEEING.
 16514 | Lair:5   | 16514 ||| FLEEEEING.
 16515 | Lair:5   | 16515 ||| FLEEEEING.
 16519 | Lair:5   | 16519 ||| INVOKING Berserk.
 16639 | Lair:5   | Reached skill level 12 in Armour
 16712 | Lair:5   | 16712 ||| Stepping ~*~*~tactically~*~*~ (hiding).
 16714 | Lair:5   | 16714 ||| INVOKING Berserk.
 16878 | Lair:5   | 16878 ||| READING scroll of enchant armour.
 16878 | Lair:5   | 16878 ||| ENCHANTING +0 pair of gloves.
 16961 | Lair:5   | 16961 ||| INVOKING Berserk.
 16980 | Lair:5   | 16980 ||| INVOKING Brothers in Arms.
 16981 | Lair:5   | 16981 ||| SWAPPING to +0 demon whip of venom.
 16995 | Lair:5   | 16995 ||| INVOKING Brothers in Arms.
 16995 | Lair:5   | HP: 29/122 [cane toad (10)]
 16996 | Lair:5   | 16996 ||| READING 7 scrolls of teleportation.
 16997 | Lair:5   | 16997 ||| DRINKING 7 potions of heal wounds.
 16998 | Lair:5   | 16998 ||| DRINKING 6 potions of heal wounds.
 16999 | Lair:5   | Found a staircase to the Slime Pits.
 17000 | Lair:5   | 17000 ||| INVOKING Brothers in Arms.
 17001 | Lair:5   | 17001 ||| INVOKING Brothers in Arms.
 17002 | Lair:5   | 17002 ||| INVOKING Brothers in Arms.
 17003 | Lair:5   | 17003 ||| INVOKING Brothers in Arms.
 17004 | Lair:5   | 17004 ||| Stepping ~*~*~tactically~*~*~ (outnumbered).
 17005 | Lair:5   | 17005 ||| Stepping ~*~*~tactically~*~*~ (outnumbered).
 17006 | Lair:5   | HP: 27/122 [slime creature (6)]
 17007 | Lair:5   | 17007 ||| READING 6 scrolls of teleportation.
 17008 | Lair:5   | 17008 ||| DRINKING 5 potions of heal wounds.
 17009 | Lair:5   | 17009 ||| SWAPPING to +2 war axe.
 17269 | Lair:5   | 17269 ||| Stepping ~*~*~tactically~*~*~ (stealth).
 17270 | Lair:5   | 17270 ||| Stepping ~*~*~tactically~*~*~ (stealth).
 17272 | Lair:5   | 17272 ||| Stepping ~*~*~tactically~*~*~ (stealth).
 17274 | Lair:5   | 17274 ||| INVOKING Berserk.
 17296 | Lair:5   | 17296 ||| Stepping ~*~*~tactically~*~*~ (stealth).
 17420 | Lair:5   | 17420 ||| Stepping ~*~*~tactically~*~*~ (stealth).
 17424 | Lair:5   | 17424 ||| INVOKING Berserk.
 17604 | Lair:5   | 17604 ||| INVOKING Berserk.
 17813 | Lair:5   | 17813 ||| INVOKING Berserk.
 17972 | Lair:5   | 17972 ||| INVOKING Berserk.
 18051 | Lair:5   | 18051 ||| INVOKING Berserk.
 18186 | Lair:5   | 18186 ||| INVOKING Brothers in Arms.
 18187 | Lair:5   | 18187 ||| INVOKING Brothers in Arms.
 18188 | Lair:5   | 18188 ||| INVOKING Brothers in Arms.
 18189 | Lair:5   | 18189 ||| INVOKING Brothers in Arms.
 18190 | Lair:5   | 18190 ||| INVOKING Brothers in Arms.
 18191 | Lair:5   | 18191 ||| SWAPPING to +0 demon whip of venom.
 18192 | Lair:5   | 18192 ||| INVOKING Berserk.
 18221 | Lair:5   | 18221 ||| SWAPPING to +2 war axe.
 18349 | Lair:5   | 18349 ||| SWAPPING to +0 demon whip of venom.
 18350 | Lair:5   | 18350 ||| INVOKING Berserk.
 18362 | Lair:5   | 18362 ||| SWAPPING to +2 war axe.
 18784 | Lair:5   | 18784 ||| PLANNING D:1-11
 18869 | D:10     | Entered Level 10 of the Dungeon
 18878 | D:10     | 18878 ||| Stepping ~*~*~tactically~*~*~ (stealth).
 18880 | D:10     | 18880 ||| Stepping ~*~*~tactically~*~*~ (stealth).
 18884 | D:10     | 18884 ||| Stepping ~*~*~tactically~*~*~ (stealth).
 18890 | D:10     | 18890 ||| STAIRDANCE
 18899 | D:10     | 18899 ||| STAIRDANCE
 18952 | D:10     | 18952 ||| Stepping ~*~*~tactically~*~*~ (stealth).
 18953 | D:10     | 18953 ||| Stepping ~*~*~tactically~*~*~ (stealth).
 18959 | D:10     | Reached XP level 14. HP: 132/132 MP: 13/13
 18980 | D:10     | 18980 ||| Stepping ~*~*~tactically~*~*~ (stealth).
 19060 | D:10     | 19060 ||| Stepping ~*~*~tactically~*~*~ (stealth).
 19527 | D:10     | 19527 ||| Stepping ~*~*~tactically~*~*~ (stealth).
 19529 | D:10     | 19529 ||| Stepping ~*~*~tactically~*~*~ (stealth).
 19604 | D:10     | 19604 ||| UPGRADING to +6 ring of strength.
 19606 | D:10     | 19606 ||| DROPPING +6 ring of dexterity.
 19641 | D:11     | 19641 ||| STAIRDANCE
 19648 | D:11     | 19648 ||| STAIRDANCE
 19710 | D:11     | 19710 ||| STAIRDANCE
 19719 | D:11     | 19719 ||| STAIRDANCE
 19726 | D:11     | 19726 ||| STAIRDANCE
 19743 | D:11     | 19743 ||| READING scroll of enchant armour.
 19743 | D:11     | 19743 ||| ENCHANTING +1 pair of gloves.
 19788 | D:11     | 19788 ||| Stepping ~*~*~tactically~*~*~ (hiding).
 19789 | D:11     | 19789 ||| Stepping ~*~*~tactically~*~*~ (hiding).
 19790 | D:11     | 19790 ||| Stepping ~*~*~tactically~*~*~ (hiding).
 20170 | D:11     | 20170 ||| PLANNING D
 20196 | D:12     | 20196 ||| PLANNING GAUNTLET
 20244 | D:12     | 20244 ||| INVOKING Berserk.
 20454 | D:12     | 20454 ||| Stepping ~*~*~tactically~*~*~ (stealth).
 20456 | D:12     | 20456 ||| INVOKING Berserk.
 20471 | D:12     | Reached skill level 15 in Fighting
 20476 | D:12     | 20476 ||| INVOKING Brothers in Arms.
 20566 | D:12     | 20566 ||| SWAPPING to +3 war axe.
 20567 | D:12     | 20567 ||| DROPPING +2 war axe.
 20576 | D:12     | 20576 ||| READING scroll of enchant weapon.
 20576 | D:12     | 20576 ||| ENCHANTING +3 war axe.
 20618 | D:12     | 20618 ||| RIP GAUNTLET
 20645 | D:12     | 20645 ||| PLANNING D
 20654 | D:12     | 20654 ||| DRINKING potion of cancellation.
 20771 | D:12     | 20771 ||| DRINKING 2 potions of curing.
 20771 | D:12     | 20771 ||| (to cure confusion)
 20788 | D:12     | Noticed Urug
 20789 | D:12     | 20789 ||| INVOKING Brothers in Arms.
 20790 | D:12     | 20790 ||| INVOKING Berserk.
 20795 | D:12     | Killed Urug
 20814 | D:12     | Noticed Nessos
 20819 | D:12     | 20819 ||| INVOKING Brothers in Arms.
 20823 | D:12     | 20823 ||| Stepping ~*~*~tactically~*~*~ (hiding).
 20823 | D:12     | Killed Nessos
 20965 | D:12     | Noticed Psyche
 20969 | D:12     | Killed Psyche
 21212 | D:12     | 21212 ||| UPGRADING to +1 hat.
 21323 | D:13     | 21323 ||| Stepping ~*~*~tactically~*~*~ (hiding).
 21520 | D:13     | 21520 ||| SWAPPING to +0 broad axe.
 21528 | D:13     | 21528 ||| DROPPING +4 war axe.
 22131 | D:14     | Found a gate to the Vaults.
 22132 | D:14     | 22132 ||| Stepping ~*~*~tactically~*~*~ (hiding).
 22160 | D:14     | 22160 ||| INVOKING Berserk.
 22195 | D:14     | 22195 ||| INVOKING Brothers in Arms.
 22204 | D:14     | HP: 33/135 [tengu warrior/+3 war axe (5)]
 22205 | D:14     | 22205 ||| READING 8 scrolls of teleportation.
 22531 | D:14     | 22531 ||| Stepping ~*~*~tactically~*~*~ (stealth).
 22533 | D:14     | 22533 ||| Stepping ~*~*~tactically~*~*~ (hiding).
 22548 | D:14     | 22548 ||| Stepping ~*~*~tactically~*~*~ (stealth).
 22549 | D:14     | 22549 ||| Stepping ~*~*~tactically~*~*~ (stealth).
 22553 | D:14     | 22553 ||| Stepping ~*~*~tactically~*~*~ (stealth).
 22558 | D:14     | 22558 ||| Stepping ~*~*~tactically~*~*~ (stealth).
 22659 | D:14     | 22659 ||| INVOKING Berserk.
 22688 | D:14     | 22688 ||| INVOKING Brothers in Arms.
 22689 | D:14     | 22689 ||| INVOKING Brothers in Arms.
 22690 | D:14     | 22690 ||| INVOKING Brothers in Arms.
 22695 | D:14     | Reached skill level 18 in Axes
 22695 | D:14     | Reached XP level 15. HP: 98/141 MP: 14/14
 22850 | D:14     | Reached skill level 6 in Throwing
 22851 | D:14     | 22851 ||| Stepping ~*~*~tactically~*~*~ (stealth).
 22852 | D:14     | 22852 ||| Stepping ~*~*~tactically~*~*~ (stealth).
 22945 | D:14     | 22945 ||| Stepping ~*~*~tactically~*~*~ (stealth).
 22946 | D:14     | 22946 ||| Stepping ~*~*~tactically~*~*~ (stealth).
 22947 | D:14     | 22947 ||| Stepping ~*~*~tactically~*~*~ (stealth).
 23161 | D:14     | 23161 ||| Stepping ~*~*~tactically~*~*~ (hiding).
 23333 | D:14     | 23333 ||| Stepping ~*~*~tactically~*~*~ (stealth).
 23334 | D:14     | 23334 ||| Stepping ~*~*~tactically~*~*~ (stealth).
 23367 | D:14     | Identified the +0 robe of Tishryaj {-Cast rPois rCorr SInv}
 23440 | D:14     | Found a glowing silver altar of Zin.
 23511 | D:14     | 23511 ||| UPGRADING to +1 plate armour of willpower.
 23521 | D:14     | 23521 ||| DROPPING +0 plate armour.
 23522 | D:14     | 23522 ||| DROPPING ring of positive energy.
 23535 | D:15     | Entered Level 15 of the Dungeon
 23594 | D:15     | 23594 ||| INVOKING Brothers in Arms.
 23596 | D:15     | 23596 ||| SWAPPING to +0 demon whip of venom.
 23597 | D:15     | 23597 ||| INVOKING Brothers in Arms.
 23598 | D:15     | 23598 ||| INVOKING Berserk.
 23606 | D:15     | 23606 ||| SWAPPING to +0 broad axe.
 23723 | D:15     | 23723 ||| INVOKING Berserk.
 23725 | D:15     | Reached skill level 15 in Shields
 23782 | D:15     | Found Xipaigri's Neck Hole.
 23789 | D:15     | 23789 ||| Stepping ~*~*~tactically~*~*~ (hiding).
 24029 | D:15     | 24029 ||| Stepping ~*~*~tactically~*~*~ (stealth).
 24031 | D:15     | 24031 ||| Stepping ~*~*~tactically~*~*~ (hiding).
 24041 | D:15     | 24041 ||| SWAPPING to +0 demon whip of venom.
 24042 | D:15     | 24042 ||| INVOKING Berserk.
 24083 | D:15     | 24083 ||| SWAPPING to +0 broad axe.
 24391 | D:15     | 24391 ||| Stepping ~*~*~tactically~*~*~ (stealth).
 24393 | D:15     | 24393 ||| Stepping ~*~*~tactically~*~*~ (hiding).
 24421 | D:15     | 24421 ||| FLEEEEING.
 24422 | D:15     | 24422 ||| FLEEEEING.
 24423 | D:15     | 24423 ||| FLEEEEING.
 24424 | D:15     | 24424 ||| FLEEEEING.
 24426 | D:15     | 24426 ||| FLEEEEING.
 24429 | D:15     | 24429 ||| FLEEEEING.
 24430 | D:15     | 24430 ||| FLEEEEING.
 24431 | D:15     | 24431 ||| FLEEEEING.
 24432 | D:15     | 24432 ||| FLEEEEING.
 24433 | D:15     | 24433 ||| FLEEEEING.
 24434 | D:15     | 24434 ||| FLEEEEING.
 24435 | D:15     | 24435 ||| FLEEEEING.
 24436 | D:15     | 24436 ||| STAIRDANCE
 24596 | D:14     | 24596 ||| DROPPING ring of protection from cold.
 24597 | D:14     | 24597 ||| DRINKING 2 white potions.
 24698 | D:14     | 24698 ||| DROPPING potion of ambrosia.
 24719 | D:15     | 24719 ||| FLEEEEING.
 24720 | D:15     | 24720 ||| FLEEEEING.
 24721 | D:15     | 24721 ||| FLEEEEING.
 24722 | D:15     | 24722 ||| FLEEEEING.
 24723 | D:15     | 24723 ||| FLEEEEING.
 24724 | D:15     | 24724 ||| FLEEEEING.
 24729 | D:15     | 24729 ||| INVOKING Berserk.
 24841 | D:15     | Found a staircase to the Depths.
 24848 | D:15     | 24848 ||| READING scroll of enchant weapon.
 24848 | D:15     | 24848 ||| ENCHANTING +0 broad axe.
 24881 | D:15     | 24881 ||| Stepping ~*~*~tactically~*~*~ (hiding).
 24893 | D:15     | 24893 ||| Stepping ~*~*~tactically~*~*~ (hiding).
 24894 | D:15     | 24894 ||| INVOKING Berserk.
 25404 | D:15     | 25404 ||| PLANNING ORC
 25564 | Orc:1    | Entered Level 1 of the Orcish Mines
 25570 | Orc:1    | 25570 ||| INVOKING Trog's Hand.
 25574 | Orc:1    | 25574 ||| INVOKING Berserk.
 25881 | Orc:1    | Found a frozen archway.
 25885 | Orc:1    | 25885 ||| Stepping ~*~*~tactically~*~*~ (stealth).
 25888 | Orc:1    | Reached skill level 15 in Armour
 25897 | Orc:1    | 25897 ||| Stepping ~*~*~tactically~*~*~ (stealth).
 25903 | Orc:1    | 25903 ||| Stepping ~*~*~tactically~*~*~ (hiding).
 26022 | Orc:2    | Entered Level 2 of the Orcish Mines
 26094 | Orc:2    | 26094 ||| INVOKING Berserk.
 26178 | Orc:2    | 26178 ||| Stepping ~*~*~tactically~*~*~ (stealth).
 26205 | Orc:2    | Found a staircase to the Elven Halls.
 26379 | Orc:2    | 26379 ||| INVOKING Trog's Hand.
 26381 | Orc:2    | 26381 ||| INVOKING Berserk.
 26592 | Orc:2    | 26592 ||| INVOKING Trog's Hand.
 26594 | Orc:2    | 26594 ||| INVOKING Berserk.
 26607 | Orc:2    | 26607 ||| INVOKING Brothers in Arms.
 26739 | Orc:2    | Found a radiant altar of Vehumet.
 26740 | Orc:2    | 26740 ||| INVOKING Trog's Hand.
 26741 | Orc:2    | 26741 ||| INVOKING Berserk.
 26755 | Orc:2    | Found Olontigh's Antique Weapon Shop.
 26773 | Orc:2    | 26773 ||| INVOKING Trog's Hand.
 26894 | Orc:2    | Found an ancient bone altar of Kikubaaqudgha.
 26913 | Orc:2    | 26913 ||| INVOKING Trog's Hand.
 26914 | Orc:2    | 26914 ||| INVOKING Berserk.
 26917 | Orc:2    | Found Mif Sadoa's Antique Weapon Boutique.
 26923 | Orc:2    | Found Lowataha's Distillery.
 27037 | Orc:2    | 27037 ||| BUYING potion of curing (45 gold).
 27037 | Orc:2    | Bought a potion of curing for 45 gold pieces
 27037 | Orc:2    | 27037 ||| BUYING potion of curing (45 gold).
 27037 | Orc:2    | Bought a potion of curing for 45 gold pieces
 27037 | Orc:2    | 27037 ||| BUYING potion of heal wounds (75 gold).
 27037 | Orc:2    | Bought a potion of heal wounds for 75 gold pieces
 27037 | Orc:2    | 27037 ||| BUYING potion of mutation (120 gold).
 27037 | Orc:2    | Bought a potion of mutation for 120 gold pieces
 27037 | Orc:2    | 27037 ||| BUYING potion of resistance (150 gold).
 27037 | Orc:2    | Bought a potion of resistance for 150 gold pieces
 27046 | Orc:2    | 27046 ||| BUYING glowing war axe (169 gold).
 27046 | Orc:2    | Bought a glowing war axe for 169 gold pieces
 27046 | Orc:2    | 27046 ||| DROPPING +0 demon whip of venom.
 27078 | Orc:2    | Found Huja's Jewellery Boutique.
 27087 | Orc:2    | 27087 ||| BUYING +4 ring of evasion (612 gold).
 27087 | Orc:2    | Bought a +4 ring of evasion for 612 gold pieces
 27321 | Orc:2    | 27321 ||| DROPPING ring of see invisible.
 27322 | Orc:2    | 27322 ||| UPGRADING to +4 ring of evasion.
 27324 | Orc:2    | 27324 ||| DROPPING +6 ring of strength.
 27668 | Orc:1    | 27668 ||| PLANNING SNAKE:1-3
 27796 | Snake:1  | Entered Level 1 of the Snake Pit
 27827 | Snake:1  | 27827 ||| Stepping ~*~*~tactically~*~*~ (stealth).
 27833 | Snake:1  | 27833 ||| INVOKING Berserk.
 28123 | Snake:1  | 28123 ||| Stepping ~*~*~tactically~*~*~ (hiding).
 28125 | Snake:1  | 28125 ||| Stepping ~*~*~tactically~*~*~ (hiding).
 28126 | Snake:1  | 28126 ||| Stepping ~*~*~tactically~*~*~ (hiding).
 28467 | Snake:1  | 28467 ||| Stepping ~*~*~tactically~*~*~ (hiding).
 28468 | Snake:1  | 28468 ||| Stepping ~*~*~tactically~*~*~ (hiding).
 28863 | Snake:1  | 28863 ||| DROPPING +1 hat.
 28864 | Snake:1  | 28864 ||| DROPPING ring of flight.
 28874 | Snake:2  | 28874 ||| INVOKING Berserk.
 29006 | Snake:2  | 29006 ||| Stepping ~*~*~tactically~*~*~ (hiding).
 29013 | Snake:2  | 29013 ||| INVOKING Berserk.
 29026 | Snake:2  | Noticed a nagaraja
 29030 | Snake:2  | 29030 ||| INVOKING Brothers in Arms.
 29036 | Snake:2  | Killed a nagaraja
 29038 | Snake:2  | Reached XP level 16. HP: 39/155 MP: 11/15
 29038 | Snake:2  | HP: 37/155 [poisoned by a naga (splash of poison)]
 29039 | Snake:2  | 29039 ||| DRINKING 7 potions of heal wounds.
 29376 | Snake:2  | 29376 ||| Stepping ~*~*~tactically~*~*~ (hiding).
 29484 | Snake:2  | 29484 ||| INVOKING Berserk.
 29661 | Snake:2  | 29661 ||| Stepping ~*~*~tactically~*~*~ (hiding).
 29676 | Snake:2  | 29676 ||| Stepping ~*~*~tactically~*~*~ (hiding).
 29810 | Snake:2  | 29810 ||| INVOKING Berserk.
 30348 | Snake:2  | 30348 ||| INVOKING Berserk.
 30536 | Snake:2  | 30536 ||| Stepping ~*~*~tactically~*~*~ (hiding).
 31037 | Snake:3  | 31037 ||| INVOKING Berserk.
 31046 | Snake:3  | 31046 ||| STAIRDANCE
 31104 | Snake:3  | 31104 ||| Stepping ~*~*~tactically~*~*~ (hiding).
 31105 | Snake:3  | 31105 ||| Stepping ~*~*~tactically~*~*~ (hiding).
 31108 | Snake:3  | 31108 ||| Stepping ~*~*~tactically~*~*~ (hiding).
 31112 | Snake:3  | 31112 ||| INVOKING Berserk.
 31262 | Snake:3  | 31262 ||| Stepping ~*~*~tactically~*~*~ (stealth).
 31264 | Snake:3  | 31264 ||| Stepping ~*~*~tactically~*~*~ (hiding).
 31267 | Snake:3  | 31267 ||| Stepping ~*~*~tactically~*~*~ (hiding).
 31268 | Snake:3  | 31268 ||| Stepping ~*~*~tactically~*~*~ (hiding).
 31269 | Snake:3  | 31269 ||| Stepping ~*~*~tactically~*~*~ (hiding).
 31270 | Snake:3  | 31270 ||| Stepping ~*~*~tactically~*~*~ (hiding).
 31271 | Snake:3  | 31271 ||| Stepping ~*~*~tactically~*~*~ (hiding).
 31272 | Snake:3  | 31272 ||| Stepping ~*~*~tactically~*~*~ (hiding).
 31273 | Snake:3  | 31273 ||| Stepping ~*~*~tactically~*~*~ (hiding).
 31291 | Snake:3  | Reached skill level 18 in Fighting
 31443 | Snake:3  | 31443 ||| INVOKING Berserk.
 31443 | Snake:3  | HP: 49/235 [sea snake (12)]
 31448 | Snake:3  | HP: 26/235 [sea snake (15)]
 31450 | Snake:3  | HP: 11/235 [poisoned by a sea snake]
 31452 | Snake:3  | HP: 2/235 [poisoned by a sea snake]
 31453 | Snake:3  | Succumbed to a sea snake's poison

Levels and vault maps discovered:
D:1:      lightli_arrival_chessboard, layout_basic,
          shapermc_ecumenical_altar_pompeii
D:2:      kb_forest_paths, layout_loops_ring, basic_altar, uniq_jessica
D:3:      layout_rooms, kennysheep_slug_shrine, serial_shops,
          nicolae_shop_advertising_works [nicolae_subvault_shop_adworks],
          kennysheep_generic_room_10, uniq_grinder
D:4:      layout_rooms, minmay_temple_entry_offerings, nrook_campfire,
          uniq_blork_the_orc, uniq_duvessa
D:5:      lemuel_ratsnest, layout_loops_corners, hellmonk_ghost_happy_afterlife,
          serial_shops, shop, minmay_misc_feat_four_crosses
D:6:      layout_basic, chequers_temple_overflow_minitemple, serial_shops,
          nicolae_shop_trees, minmay_microvault, uniq_pikel
D:7:      layout_cave_pools, chequers_serial_rivers_micro_a
D:8:      layout_basic, ebering_ghost_gozag, small_chamber_with_monster,
          uniq_prince_ribbit1, uniq_maurice
D:9:      layout_rooms, lemuel_round_altar, erik_lair_orcish_takeover,
          david_orc_3, minivault_25_ag, dk_noncrumbling_2
D:10:     layout_roguey [special_room_orc]
D:11:     layout_rooms
D:12:     layout_irregular_city, gauntlet_entry_generic, minmay_misc_feat_alley,
          kennysheep_small_spiral, uniq_nessos, uniq_psyche, uniq_urug
D:13:     layout_long_grid
D:14:     layout_cave_pools, erik_vaults_2, zin_angel
D:15:     gammafunk_depths_entry_grave, layout_basic, grunt_decor_cap,
          nicolae_shop_sticking_my_neck_out
Lair:1:   layout_gridlike, serial_bayou, serial_bayou_crossing,
          serial_bayou_lagoon_a, serial_bayou_pond_b, serial_bayou_pond_a,
          serial_bayou_shore_a, grunt_megastairs_3, lemuel_fruit_fields,
          uniq_grum, uniq_nergalle
Lair:2:   layout_chaotic_city, minmay_swamp_entry_worms, dummy_snake_entry,
          lemuel_fruit_fields, serial_bayou_shore_b, uniq_amaemon
Lair:3:   layout_long_grid, hellmonk_guarded_unrand_seven_league_boots,
          lemuel_fruit_tree
Lair:4:   layout_loops_ring, minivault_26
Lair:5:   hangedman_lair_tendril_chambers, layout_cellular_growth,
          minmay_slime_entry_pillars, nicolae_quartered_pool_impasse
Snake:1:  layout_grid_maze, nicolae_integral_box
Snake:2:  layout_chambers
Snake:3:  nicolae_snake_crotalidae_crossing, layout_cave_town,
          serial_bayou_lake_a
Orc:1:    layout_caves, portal_ice_cave_entry_animals_and_master
Orc:2:    kennysheep_orc_mage_school, layout_diamond_mine

Skill      XL: |  1  2  3  4  5  6  7  8  9 10 11 12 13 14 15 16 |
---------------+-------------------------------------------------+-----
Axes           | 4 5 6 7 8 10 11 14 16 18 | 18.0
Armour         | 3 4 5 6 7 9 11 13 14 15 16 | 16.4
Shields        | 4 5 6 7 9 10 12 13 14 15 16 | 16.0
Fighting       | 4 6 8 9 11 14 15 17 18 | 18.0
Throwing       | 1 2 3 4 5 7 8 |  8.0
Dodging        | 3 4 6 7 8 |  8.0

Action                   |  1- 3 |  4- 6 |  7- 9 | 10-12 | 13-15 | 16-18 || total
-------------------------+-------+-------+-------+-------+-------+-------++-------
Melee: Hand axe          |    86 |    32 |       |       |       |       ||   118
       Headbutt          |    11 |    10 |    36 |   106 |   272 |    45 ||   480
       Punch             |     1 |       |       |       |       |       ||     1
       War axe           |       |    48 |   209 |   480 |   495 |       ||  1232
       Demon whip        |       |       |       |    10 |    25 |       ||    35
       Broad axe         |       |       |       |       |   589 |   175 ||   764
Throw: Javelin           |       |       |    55 |    78 |    72 |     5 ||   210
       Boomerang         |       |       |    19 |     5 |   162 |     2 ||   188
Invok: Berserk           |       |     3 |     7 |    30 |    32 |     6 ||    78
       Trog's Hand       |       |     1 |       |       |     6 |       ||     7
       Brothers in Arms  |       |       |       |     3 |    12 |       ||    15
  Use: Scroll            |     6 |     5 |     8 |     6 |     7 |       ||    32
       Potion            |       |     3 |     3 |     5 |     6 |     1 ||    18
Armor: Animal skin       |     4 |       |       |       |       |       ||     4
       Plate armour      |    10 |    35 |    66 |   148 |   346 |    49 ||   654
Dodge: Dodged            |    42 |    14 |    30 |    68 |   219 |    46 ||   419
Block: Other             |     3 |     6 |       |       |       |       ||     9
       Kite shield       |       |    33 |   203 |   368 |   921 |   172 ||  1697
       Reflection        |       |     4 |    10 |    15 |    39 |    17 ||    85

Table legend:
 A = Non-vault XP
 B = Vault XP
 C = Vault XP percentage of total XP
 D = Non-vault monster count
 E = Vault monster count
 F = Vault count percentage of total count
                 A         B        C        D         E       F
            +---------+---------+-------+---------+---------+-------
      Total |  134085 |   48435 |  26.5 |     581 |     216 |  27.1
            +---------+---------+-------+---------+---------+-------
        D:1 |      64 |       0 |   0.0 |      29 |       0 |   0.0
        D:2 |      59 |      49 |  45.4 |      14 |       7 |  33.3
        D:3 |      50 |     294 |  85.5 |      14 |       2 |  12.5
        D:4 |     181 |     295 |  62.0 |      25 |       3 |  10.7
        D:5 |     505 |     364 |  41.9 |      13 |      34 |  72.3
        D:6 |    1564 |    1464 |  48.3 |      26 |       2 |   7.1
        D:7 |    1731 |       0 |   0.0 |      29 |       0 |   0.0
        D:8 |     431 |    1309 |  75.2 |      17 |       3 |  15.0
        D:9 |    1349 |    1667 |  55.3 |      30 |      17 |  36.2
       D:10 |    3935 |     616 |  13.5 |      29 |      25 |  46.3
       D:11 |    3545 |       0 |   0.0 |      22 |       0 |   0.0
       D:12 |    9279 |    2030 |  18.0 |      31 |       3 |   8.8
       D:13 |    6098 |       0 |   0.0 |      16 |       0 |   0.0
       D:14 |   16429 |    6973 |  29.8 |      27 |       8 |  22.9
       D:15 |   10557 |    4138 |  28.2 |      28 |       8 |  22.2
     Lair:1 |    2034 |    1783 |  46.7 |      13 |       7 |  35.0
     Lair:2 |    3437 |    1364 |  28.4 |      11 |       3 |  21.4
     Lair:3 |    7721 |    2950 |  27.6 |      26 |       8 |  23.5
     Lair:4 |    7075 |       0 |   0.0 |      19 |       0 |   0.0
     Lair:5 |   16035 |   10386 |  39.3 |      51 |      38 |  42.7
    Snake:1 |    5579 |       0 |   0.0 |      12 |       0 |   0.0
    Snake:2 |   21632 |       0 |   0.0 |      42 |       0 |   0.0
    Snake:3 |    9356 |    3933 |  29.6 |      19 |       6 |  24.0
      Orc:1 |    1574 |    1936 |  55.2 |       7 |       8 |  53.3
      Orc:2 |    3865 |    6884 |  64.0 |      31 |      34 |  52.3
            +---------+---------+-------+---------+---------+-------
